 Dungeon Crawl Stone Soup version 0.28.0 (webtiles) character file.

Game seed: 7628122618131441770

13736 trckry the Archer (level 11, -2/79 HPs)
             Began as a Demonspawn Wanderer on Feb 5, 2022.
             Was an Elder of Ru.
             Killed from afar by Jorgrun (53 damage)
             ... with an iron shot
             ... on level 12 of the Dungeon.
             The game lasted 00:43:21 (15767 turns).

trckry the Archer (Demonspawn Wanderer)            Turns: 15767, Time: 00:43:22

Health: -2/79      AC:  9    Str: 17    XL:     11   Next: 79%
Magic:  16/16      EV:  6    Int: 15    God:    Ru [****..]
Gold:   608        SH:  0    Dex: 16    Spells: 14/20 levels left

rFire   . . .      SeeInvis +   a - +2 shortbow (flame)
rCold   . . .      Faith    .   (shield currently unavailable)
rNeg    . . .      Spirit   .   e - +3 leather armour "Jesel" {rElec rC+ Dex+3}
rPois   +          Reflect  .   p - +0 helmet
rElec   +          Harm     .   y - +0 cloak
rCorr   .          Rampage  .   (no gloves)
Will    .....                   o - +0 pair of boots
Stlth   ++........              O - amulet of magic regeneration
HPRegen 0.23/turn               N - ring "Unaef" {+Blink rPois SInv}
MPRegen 0.55/turn               M - ring of protection from fire

@: petrifying, unable to drink, very slow
A: ignite blood 2, low MP 1, spiny 3, inability to drink while threatened,
temperature sensitive, big brain 1
a: Renounce Religion, Evoke Blink, Draw Out Power, Power Leap


You were on level 12 of the Dungeon.
You worshipped Ru.
Ru was greatly pleased with you.
You visited 1 branch of the dungeon, and saw 12 of its levels.

You collected 608 gold pieces.

Inventory:

Hand Weapons
 a - a +2 shortbow of flaming (weapon)
 b - the +4 spear of Qazlal's Castigation {venom, +Blink rPois Will+}
   (You found it on level 7 of the Dungeon)

   It poisons the flesh of those it strikes.
   rPois:     It protects you from poison.
   +Blink:    It lets you blink.
   Will:      It increases your willpower.
Missiles
 c - 171 arrows (quivered ammo)
 j - 2 atropa-tipped darts
 s - 8 boomerangs
 A - 24 poisoned darts
 K - a curare-tipped dart
Armour
 e - the +3 leather armour "Jesel" (worn) {rElec rC+ Dex+3}
   (You found it on level 9 of the Dungeon)

   Dex:       It affects your dexterity (+3).
   rC:        It protects you from cold.
   rElec:     It insulates you from electricity.
 o - a +0 pair of boots (worn)
 p - a +0 helmet (worn)
 y - a +0 cloak (worn)
Jewellery
 k - a ring of resist corrosion
 z - a ring of magical power
 M - a ring of protection from fire (right hand)
 N - the ring "Unaef" (left hand) {+Blink rPois SInv}
   (You took it off an orc wizard on level 10 of the Dungeon)

   [ring of see invisible]

   rPois:     It protects you from poison.
   SInv:      It lets you see invisible.
   +Blink:    It lets you blink.
 O - an amulet of magic regeneration (around neck)
 P - the ring "Fohuuk" {Fly rElec rPois Slay+2}
   (You took it off a centaur warrior on level 10 of the Dungeon)

   [ring of flight]

   Slay:      It affects your accuracy & damage with ranged weapons and melee
   (+2).
   rElec:     It insulates you from electricity.
   rPois:     It protects you from poison.
   Fly:       It grants you flight.
 Q - a ring of poison resistance
Wands
 t - a wand of iceblast (13)
 G - a wand of flame (22)
 J - a wand of acid (1)
Scrolls
 d - 2 scrolls of fog {unknown}
 g - 19 scrolls of identify {unknown}
 h - 4 scrolls of vulnerability {unknown}
 m - 3 scrolls of enchant armour {unknown}
 n - 2 scrolls of amnesia {unknown}
 q - a scroll of fear {unknown}
 r - 2 scrolls of brand weapon {unknown}
 w - 3 scrolls of noise {unknown}
 x - a scroll of blinking {unknown}
 E - a scroll of magic mapping {unknown}
 F - a scroll of silence {unknown}
 H - 2 scrolls of summoning {unknown}
Potions
 f - 9 potions of curing
 i - 4 potions of mutation {unknown}
 l - 4 potions of attraction {unknown}
 u - 4 potions of flight {unknown}
 v - 2 potions of lignification {unknown}
 B - a potion of brilliance {unknown}
 C - a potion of ambrosia {unknown}
 D - 4 potions of magic {unknown}
 I - a potion of degeneration {unknown}
 L - a potion of might {unknown}


   Skills:
 + Level 5.0 Fighting
 * Level 8.4 Polearms
 * Level 11.9 Bows
 - Level 1.7 Stealth
 - Level 5.0 Spellcasting
 + Level 5.0 Ice Magic
 + Level 5.0 Air Magic
 - Level 5.0 Evocations


You had 14 spell levels left.
You knew the following spells:

 Your Spells              Type           Power      Damage    Failure   Level
a - Swiftness             Air            18%        N/A       8%          3
b - Ozocubu's Armour      Ice            19%        N/A       8%          3

Your spell library contained the following spells:

 Spells                   Type           Power      Damage    Failure   Level
 Ensorcelled Hibernation  Hex/Ice        22%        N/A       11%         2
 Magic Dart               Conj           12%        1d3       21%         1
 Call Imp                 Summ           3%         N/A       30%         2
 Passwall                 Tmut/Erth      2%         N/A       30%         2
 Mephitic Cloud           Conj/Pois/Air  8%         N/A       30%         3
 Metabolic Englaciation   Hex/Ice        5%         N/A       89%         5
 Blade Hands              Tmut           1%         N/A       99%         5
 Irradiate                Conj/Tmut      1%         3d14      99%         5
 Simulacrum               Ice/Necr       5%         N/A       100%        6
 Dragon Form              Tmut           1%         N/A       100%        7


Dungeon Overview and Level Annotations

Branches:
Dungeon (12/15)            Temple (0/1) D:5            Lair (0/6) D:8
    Orc (0/2) D:11

Altars:
Nemelex Xobeh
Ru
Uskayaw
Xom
Jiyva

Shops:
D:10 *

Portals:
Ice
Cave: D:12

Annotations:
D:3 exclusion: sky beast
D:5 2 transporters
D:11 3 runed translucent doors, exclusion: 3 doors, Motwaexy's ghost, journeyman OgWz
D:12 Jorgrun


Innate Abilities, Weirdness & Mutations

Your demonic aura often causes spilled blood to erupt in flames.
Your magical capacity is low. (-10% MP)
You are completely covered in sharp spines.
You sometimes lose the ability to drink potions when taking damage.
You are sensitive to extremes of temperature. (rF-, rC-)
You have an unusually large brain. (Int +2)


Message History

You shoot an arrow. The arrow completely misses Jorgrun.
You hear a splash.
Fire: 176 arrows
Press: ? - help, Q - select action, (/) - cycle Shift-Dir - straight line, f/p - Jorgrun
Aim: Jorgrun, wielding a +0 vorpal quarterstaff and wearing a +2 robe (55% to hit)
You shoot an arrow. The arrow hits Jorgrun!
The arrow burns Jorgrun.
Jorgrun is lightly wounded.
Fire: 175 arrows
Press: ? - help, Q - select action, (/) - cycle Shift-Dir - straight line, f/p - Jorgrun
Aim: Jorgrun, wielding a +0 vorpal quarterstaff and wearing a +2 robe (flame, lightly wounded, 55% to hit)
You shoot an arrow. The arrow closely misses Jorgrun.
Jorgrun is engulfed in blazing flames.
Jorgrun begins to cast a spell, but is stunned by your conviction!
Fire: 174 arrows
Press: ? - help, Q - select action, (/) - cycle Shift-Dir - straight line, f/p - Jorgrun
Aim: Jorgrun, wielding a +0 vorpal quarterstaff and wearing a +2 robe (flame, moderately wounded, 55% to hit)
You shoot an arrow. The arrow closely misses Jorgrun.
You hear a splash.
Jorgrun is engulfed in blazing flames.
Jorgrun casts a spell next to you.
The wall shatters!
The blast of rock fragments hits you!!
Fire: 173 arrows
Press: ? - help, Q - select action, (/) - cycle Shift-Dir - straight line, f/p - Jorgrun
Aim: Jorgrun, wielding a +0 vorpal quarterstaff and wearing a +2 robe (flame, moderately wounded, 55% to hit)
You shoot an arrow. The arrow misses Jorgrun.
You hear a splash.
Fire: 172 arrows
Press: ? - help, Q - select action, (/) - cycle Shift-Dir - straight line, f/p - Jorgrun
Aim: Jorgrun, wielding a +0 vorpal quarterstaff and wearing a +2 robe (flame, moderately wounded, 55% to hit)
You shoot an arrow. The arrow barely misses Jorgrun.
You hear a splash.
Jorgrun is engulfed in blazing flames.
Jorgrun gestures at you while chanting.
You are slowing down.
Jorgrun is engulfed in blazing flames.
Jorgrun gestures at you while chanting. The iron shot hits you!!!!
You feel threatened and lose the ability to drink potions!
Ouch! That really hurt!
You die...

##+## ##...##
##.....## #
##.....@☼##.#
#...^...§.#.##.
+....(.........
#..≈((.........
...(#≈.g.#.###.
.#(.≈#≈..#.#
#(..≈#..# #
#(....≈.#
#∩......#


You could see Jorgrun.

Vanquished Creatures
  A boulder beetle (D:11)
  A centaur warrior (D:10)
  Erica (D:8)
  3 two-headed ogres
  A tengu warrior (D:10)
  A cyclops (D:8)
  A centaur zombie (D:10)
  A cane toad (shapeshifter) (D:10)
  2 gargoyles (D:10)
  2 rime drakes (D:12)
  A tengu conjurer (D:10)
  A troll (D:11)
  A slime creature (D:10)
  2 vampires
  A shadow (D:10)
  2 wraiths
  2 yaks (D:10)
  2 steam dragons (D:10)
  3 wargs (D:8)
  4 water moccasins
  3 orc warriors
  2 ice beasts
  2 sky beasts
  2 ogres
  4 centaurs
  3 kobold brigands
  Blork the orc (D:6)
  3 bullfrogs
  3 gnoll sergeants
  3 scorpions
  A wyvern skeleton (D:7)
  12 killer bees
  7 howler monkeys
  5 wights (D:7)
  A crimson imp (D:7)
  2 jellies
  A bullfrog zombie (D:6)
  7 hounds
  Crazy Yiuf (D:6)
  4 orc priests
  Jessica (D:2)
  3 iguanas
  15 orc wizards
  A killer bee zombie (D:7)
  16 gnolls
  A howler monkey zombie (D:10)
  8 adders
  3 white imps
  4 worms
  A dart slug (D:1)
  34 orcs
  5 bats
  3 endoplasms
  7 giant cockroaches
  7 hobgoblins
  4 jackals
  15 kobolds
  8 quokkas
  7 ball pythons
  3 frilled lizards
  6 goblins
  12 rats
264 creatures vanquished.

Vanquished Creatures (others)
  A centaur warrior (D:10)
  An orc wizard (D:8)
2 creatures vanquished.

Grand Total: 266 creatures vanquished

Notes
Turn   | Place    | Note
-------+----------+-------------------------------------------
     0 | D:1      | trckry the Demonspawn Wanderer began the quest for the Orb.
     0 | D:1      | trckry set off with the following items: a +2 shortbow, 24
                  | arrows, a +0 spear, a +0 pair of boots, a +0 leather armour
     0 | D:1      | Reached XP level 1. HP: 13/13 MP: 2/2
   345 | D:1      | Gained mutation: You have an unusually large brain. (Int
                  | +2) [demonic ancestry]
   345 | D:1      | Reached XP level 2. HP: 20/20 MP: 3/3
   529 | D:1      | Found a faded altar of an unknown god.
   640 | D:1      | Prayed at the altar of an unknown god.
   640 | D:1      | Became a worshipper of Ru the Awakened
   642 | D:1      | Gained mutation: You are sensitive to extremes of
                  | temperature. (rF-, rC-) [Ru sacrifice]
   642 | D:1      | Reached * piety under Ru
   642 | D:1      | Reached ** piety under Ru
  1319 | D:2      | Gained mutation: You are partially covered in sharp spines.
                  | [demonic ancestry]
  1319 | D:2      | Reached XP level 3. HP: 25/25 MP: 4/4
  1355 | D:2      | Noticed Jessica
  1383 | D:2      | Killed Jessica
  1384 | D:2      | Reached skill level 1 in Fighting
  1384 | D:2      | Reached skill level 5 in Bows
  1411 | D:2      | Identified the +1 robe of the Endless Expanse {Harm rCorr
                  | Int+2}
  1791 | D:2      | Reached XP level 4. HP: 29/32 MP: 6/6
  2765 | D:3      | Found a sparkling altar of Nemelex Xobeh.
  2776 | D:3      | Noticed a sky beast
  2970 | D:3      | Found a hide-covered altar of Uskayaw.
  3327 | D:3      | Found a shimmering altar of Xom.
  3595 | D:3      | Gained mutation: Your demonic aura sometimes causes spilled
                  | blood to erupt in flames. [demonic ancestry]
  3595 | D:3      | Reached XP level 5. HP: 37/37 MP: 7/7
  3824 | D:4      | Gained mutation: Your magical capacity is low. (-10% MP)
                  | [Ru sacrifice]
  4470 | D:4      | Noticed an ogre
  4500 | D:4      | Killed an ogre
  4501 | D:4      | Gained mutation: Your demonic aura often causes spilled
                  | blood to erupt in flames. [demonic ancestry]
  4501 | D:4      | Reached XP level 6. HP: 44/44 MP: 8/8
  4598 | D:4      | You fall into a shaft and drop 3 floors!
  4611 | D:7      | Reached skill level 6 in Bows
  4936 | D:7      | Gained mutation: You are mostly covered in sharp spines.
                  | [demonic ancestry]
  4936 | D:7      | Reached XP level 7. HP: 37/51 MP: 9/9
  5179 | D:7      | Learned a level 3 spell: Swiftness
  5510 | D:7      | Reached skill level 5 in Polearms
  5834 | D:7      | Reached XP level 8. HP: 43/58 MP: 11/11
  5900 | D:7      | Reached skill level 7 in Bows
  6272 | D:7      | Identified the +4 spear of Qazlal's Castigation {venom,
                  | +Blink rPois Will+}
  6330 | D:6      | Noticed Blork the orc
  6336 | D:6      | Killed Blork the orc
  6447 | D:6      | Identified the +0 chain mail of Disaster {rElec rF- Str-4
                  | Int+8}
  6519 | D:6      | Reached skill level 1 in Evocations
  7045 | D:6      | Reached skill level 8 in Bows
  7045 | D:6      | Gained mutation: You are completely covered in sharp
                  | spines. [demonic ancestry]
  7045 | D:6      | Reached XP level 9. HP: 64/66 MP: 14/14
  7077 | D:6      | Found a runed translucent door.
  7078 | D:6      | Noticed Crazy Yiuf
  7090 | D:6      | Killed Crazy Yiuf
  7268 | D:5      | Entered Level 5 of the Dungeon
  7272 | D:5      | Found a staircase to the Ecumenical Temple.
  7294 | D:5      | Gained mutation: You sometimes lose the ability to drink
                  | potions when taking damage. [Ru sacrifice]
  7294 | D:5      | Reached *** piety under Ru
  7294 | D:5      | Reached **** piety under Ru
  7326 | D:5      | Found a transporter.
  7392 | D:5      | Found a transporter.
  8280 | D:4      | Reached skill level 5 in Fighting
  8527 | D:4      | Learned a level 3 spell: Ozocubu's Armour
  8739 | D:8      | Noticed a cyclops
  8996 | D:8      | Reached skill level 1 in Ice Magic
  8996 | D:8      | Reached skill level 1 in Air Magic
  9028 | D:8      | Reached skill level 5 in Spellcasting
  9056 | D:8      | Found a staircase to the Lair.
  9362 | D:8      | Reached skill level 9 in Bows
  9375 | D:8      | Noticed Erica
  9380 | D:8      | HP: 9/68 [Erica (11)]
  9454 | D:8      | Killed Erica
  9455 | D:8      | Reached XP level 10. HP: 26/74 MP: 15/15
 10395 | D:8      | Killed a cyclops
 11359 | D:9      | Identified the +3 leather armour "Jesel" {rElec rC+ Dex+3}
 11493 | D:10     | Entered Level 10 of the Dungeon
 11503 | D:10     | Noticed a two-headed ogre
 11516 | D:10     | Killed a two-headed ogre
 11517 | D:10     | Reached skill level 5 in Evocations
 11522 | D:10     | Reached skill level 10 in Bows
 11801 | D:10     | Noticed a two-headed ogre
 11806 | D:10     | HP: 9/74 [two-headed ogre (28)]
 11810 | D:10     | Killed a two-headed ogre
 12112 | D:10     | Noticed a harpy
 12115 | D:10     | Noticed a tengu warrior
 12267 | D:10     | Identified the ring "Unaef" {+Blink rPois SInv}
 12435 | D:10     | Reached XP level 11. HP: 67/79 MP: 16/16
 12508 | D:10     | Noticed a fire crab
 12508 | D:10     | a guardian serpent changed into a fire crab
 12509 | D:10     | a fire crab changed into a tarantella
 12791 | D:10     | Identified the +10 war axe of Dissent {flame, rC+ Int+3
                  | Dex-4}
 12791 | D:10     | Identified the ring "Fohuuk" {Fly rElec rPois Slay+2}
 12791 | D:10     | Noticed a centaur warrior
 12796 | D:10     | HP: 7/79 [centaur warrior/arrow (21)]
 12803 | D:10     | Killed a centaur warrior
 13372 | D:10     | Noticed a centaur warrior
 13646 | D:10     | Killed a centaur warrior
 13843 | D:10     | Reached skill level 11 in Bows
 13996 | D:10     | Found Yhagoext's Serpentskin Sales.
 14081 | D:10     | Killed a tengu warrior
 14082 | D:10     | Reached skill level 5 in Air Magic
 14400 | D:11     | Found a runed translucent gate.
 14400 | D:11     | Found a runed translucent gate.
 14400 | D:11     | Found a runed translucent gate.
 14405 | D:11     | Noticed Motwaexy's ghost (journeyman OgWz)
 14447 | D:11     | Reached skill level 5 in Ice Magic
 14598 | D:11     | Noticed a two-headed ogre
 14605 | D:11     | Killed a two-headed ogre
 14787 | D:11     | Noticed a boulder beetle
 14811 | D:11     | Killed a boulder beetle
 15207 | D:11     | Found a staircase to the Orcish Mines.
 15482 | D:11     | Noticed a great orb of eyes
 15488 | D:11     | Found a viscous altar of Jiyva.
 15571 | D:12     | Found a frozen archway.
 15577 | D:12     | Noticed Jorgrun
 15767 | D:12     | Killed from afar by Jorgrun

Illustrated notes

Levels and vault maps discovered:
D:1:      lemuel_arrival_funnel, layout_loops_ring,
          hellmonk_ecumenical_altar_run_dry
D:2:      layout_basic, grunt_ministairs_1, kennysheep_minor_cross,
          chequers_arboretum, uniq_jessica
D:3:      layout_basic, mainiacjoe_overflow_catch_the_wave,
          amcnicky_altar_gilded, kennysheep_generic_room_2
D:4:      layout_basic, gup_sewer_entry_spiral
D:5:      gammafunk_wand_slinger, layout_loops_ring, temple_fountains
D:6:      layout_gridville, st_stairs_11, uniq_blork_the_orc,
          uniq_crazy_yiuf_cottage
D:7:      layout_rooms, minmay_fire_ice_demons
D:8:      layout_basic, erik_lair_orcish_takeover, uniq_erica
D:9:      layout_loops_cross, hangedman_abyss_or_decor_stagger
D:10:     minmay_the_grid_square_5x5_3x3
          [minmay_the_grid_square_5x5_tetrominoes,
          minmay_the_grid_square_5x5_gyroscope,
          minmay_the_grid_square_5x5_slash,
          minmay_the_grid_square_5x5_checkered,
          minmay_the_grid_square_5x5_megaprize_checkered,
          minmay_the_grid_square_5x5_seven,
          minmay_the_grid_square_5x5_fancy_junction,
          minmay_the_grid_square_5x5_two,
          minmay_the_grid_square_5x5_beaten_path], layout_stronghold,
          guppyfry_shop_venom
D:11:     layout_irregular_city, orc_0_dummy, gammafunk_ghost_ooze
D:12:     layout_loops_corners, portal_ice_cave_rime, serial_shops,
          nicolae_shop_trees, nicolae_shop_temple_entry_statues_fountains,
          uniq_jorgrun

Skill      XL: |  1  2  3  4  5  6  7  8  9 10 11 |
---------------+----------------------------------+-----
Polearms       | 2 3 4 5 6 7 8 |  8.4
Fighting       | 1 2 3 4 5 |  5.0
Bows           | 5 6 8 9 10 11 | 11.9
Spellcasting   | 2 3 4 5 |  5.0
Evocations     | 2 4 5 |  5.0
Ice Magic      | 2 4 5 |  5.0
Air Magic      | 2 4 5 |  5.0
Stealth        | |  1.7

Action                   |  1- 3 |  4- 6 |  7- 9 | 10-12 || total
-------------------------+-------+-------+-------+-------++-------
Melee: Spear             |   118 |    80 |   202 |   128 ||   528
       Punch             |       |       |     2 |     3 ||     5
 Fire: Shortbow          |    10 |    72 |    99 |   250 ||   431
Throw: Dart              |       |       |     3 |       ||     3
Invok: Sacrifice Resista |     1 |       |       |       ||     1
       Sacrifice Essence |       |     1 |       |       ||     1
       Sacrifice Drink   |       |       |     1 |       ||     1
       Reject Sacrifices |       |       |       |     1 ||     1
       Draw Out Power    |       |       |       |     1 ||     1
       Power Leap        |       |       |       |     1 ||     1
Evoke: Wand              |       |       |     1 |     3 ||     4
  Use: Potion            |       |       |     2 |       ||     2
 Stab: Sleeping          |     4 |     2 |     6 |     2 ||    14
       Distracted        |       |       |     1 |     1 ||     2
       Paralysed         |       |       |     1 |       ||     1
Armor: Leather armour    |    24 |    11 |    26 |    25 ||    86
Dodge: Dodged            |    39 |    29 |    64 |    51 ||   183
